 Dungeon Crawl Stone Soup version 0.23-a0-690-g0a1fc62 (webtiles) character file.

267 galech the Skirmisher (level 6, -8/48 HPs)
             Began as a Demonspawn Fighter on Jan 11, 2019.
             Killed from afar by an orc wizard (10 damage)
             ... with a magic dart
             ... on level 3 of the Dungeon.
             The game lasted 00:03:21 (2572 turns).

galech the Skirmisher (Demonspawn Fighter)          Turns: 2572, Time: 00:03:22

Health: -8/48      AC:  8    Str: 14 (16) XL:     6   Next: 0%
Magic:  6/6        EV:  7    Int:  7 (9)  God:
Gold:   82         SH:  8    Dex: 12 (15) Spells: 5/5 levels left

rFire    . . .     SeeInvis .   a - +0 war axe
rCold    . . .     Gourm    .   c - +0 shield
rNeg     . . .     Faith    .   b - +0 scale mail
rPois    .         Spirit   .   (no helmet)
rElec    .         Reflect  .   (no cloak)
rCorr    .         Harm     .   (no gloves)
MR       .....                  (no boots)
Stlth    ..........             (no amulet)
HPRegen  0.16/turn              j - ring of attention
MPRegen  0.10/turn              (no ring)

@: slowed, very slow
A: slimy green scales 1, powered by pain 1
a: no special abilities


You were on level 3 of the Dungeon.
You were not hungry.

You visited 1 branch of the dungeon, and saw 3 of its levels.

You collected 82 gold pieces.

Inventory:

Hand Weapons
 a - a +0 war axe (weapon)
Armour
 b - a +0 scale mail (worn)
 c - a +0 shield (worn)
Jewellery
 j - a ring of attention (left hand)
Scrolls
 e - 2 scrolls of teleportation
 k - a scroll of fog {unknown}
 l - a scroll of enchant weapon {unknown}
 n - a scroll of identify {unknown}
 p - a scroll of remove curse
 r - a scroll of amnesia {unknown}
Potions
 d - 2 potions of might
 h - a potion of agility {unknown}
 i - a potion of degeneration
 m - a potion of magic {unknown}
 o - a potion of haste {unknown}
 q - a potion of brilliance {unknown}
Comestibles
 f - 5 rations


   Skills:
 + Level 3.7 Fighting
 + Level 3.5 Axes
 + Level 3.6 Armour
 + Level 1.5 Dodging
 + Level 3.6 Shields


You had 5 spell levels left.
You didn't know any spells.
Your spell library was empty.

Dungeon Overview and Level Annotations

Branches:
Dungeon (3/15)

Altars:
Dithmenos
Sif Muna


Innate Abilities, Weirdness & Mutations

You are partially covered in slimy green scales. (AC +2)
You sometimes gain a little power by taking damage.


Message History

You feel weakened.
You feel dopey.
You feel clumsy. The orc wizard barely misses you. You block the orc's attack.
You block the orc wizard's attack. The orc closely misses you.
You hit the orc.
You kill the orc!
You have reached level 6!
Your experience leads to an increase in your attributes!
Your base attributes are Str 16, Int 9, Dex 14.
Increase (S)trength, (I)ntelligence, or (D)exterity?
You feel agile.
Your scale mail prevents you from hitting the orc wizard.
The orc wizard gestures at you while chanting.
You resist with some effort. The orc wizard barely misses you.
The orc wizard hits you but does no damage.
You hit the orc wizard.
The orc wizard is almost dead.
You block the orc wizard's attack. The orc wizard completely misses you.
The orc wizard points at you and mumbles some strange words.
The magic dart hits you!
You die...

# ..## # ...## ##.#
###.#..## #.. #.......#
# #.# ###.......## .##
######.### ...........
.. .........# #)........
. .........#
###.@....... ...###
.........####...o......#
#....###
.....#........#.......##
#.#....
...##....######.......#
##....#. ..#.#....#
........# ##(......
##.#.....# #..#######
#........
.##............##
#..#.....
#.#....##......
###........ .#.....#
.....# ######....###...


You could see an orc wizard.

Vanquished Creatures
  An orc priest (D:3)
  2 orc wizards (D:3)
  4 gnolls (D:3)
  5 adders
  A dart slug (D:1)
  2 leopard geckos (D:1)
  10 orcs (D:3)
  10 bats
  7 giant cockroaches
  10 hobgoblins
  4 jackals
  A quokka (D:3)
  6 ball pythons
  7 frilled lizards
  7 goblins
  5 kobolds
  7 rats
89 creatures vanquished.

Notes
Turn   | Place    | Note
-------+----------+-------------------------------------------
     0 | D:1      | galech the Demonspawn Fighter began the quest for the Orb.
     0 | D:1      | Reached XP level 1. HP: 18/18 MP: 1/1
   227 | D:1      | Gained mutation: You sometimes gain a little power by
                  | taking damage. [demonic ancestry]
   227 | D:1      | Reached XP level 2. HP: 22/24 MP: 2/2
   832 | D:1      | Reached XP level 3. HP: 29/29 MP: 3/3
  1722 | D:2      | Found a shadowy altar of Dithmenos.
  1729 | D:2      | Gained mutation: You are partially covered in slimy green
                  | scales. (AC +2) [demonic ancestry]
  1729 | D:2      | Reached XP level 4. HP: 34/35 MP: 4/4
  1854 | D:3      | Reached skill level 1 in Dodging
  1854 | D:3      | Reached XP level 5. HP: 20/41 MP: 5/5
  2193 | D:3      | Found a deep blue altar of Sif Muna.
  2569 | D:3      | HP: 1/42 [orc wizard/magic dart (2)]
  2571 | D:3      | Reached XP level 6. HP: 2/48 MP: 6/6
  2572 | D:3      | Killed from afar by an orc wizard

Vault maps used:
D:1:      evilmike_arrival_grusome_pit
D:2:      grunt_dithmenos_smoke
D:3:      led_sif_pool, first_ration, minmay_misc_feat_secret_circle

Skill      XL: |  1  2  3  4 |
---------------+-------------+-----
Axes           | 2 3 |  3.5
Armour         | 3 |  3.6
Shields        | 3 |  3.6
Dodging        | 1 |  1.5
Fighting       | |  3.7

Action                   |  1- 3 |  4- 6 || total
-------------------------+-------+-------++-------
Melee: War axe           |   156 |   130 ||   286
  Use: Potion            |     2 |     2 ||     4
       Scroll            |       |     2 ||     2
  Eat: Chunk             |     3 |     3 ||     6
Armor: Scale mail        |    78 |    78 ||   156
Dodge: Dodged            |    46 |    61 ||   107
Block: Shield            |    93 |    86 ||   179

Table legend:
 A = Non-vault XP
 B = Vault XP
 C = Vault XP percentage of total XP
 D = Non-vault monster count
 E = Vault monster count
 F = Vault count percentage of total count
                 A         B        C        D         E       F
            +---------+---------+-------+---------+---------+-------
      Total |     382 |       0 |   0.0 |      89 |       0 |   0.0
            +---------+---------+-------+---------+---------+-------
        D:1 |      43 |       0 |   0.0 |      25 |       0 |   0.0
        D:2 |      55 |       0 |   0.0 |      27 |       0 |   0.0
        D:3 |     284 |       0 |   0.0 |      37 |       0 |   0.0
            +---------+---------+-------+---------+---------+-------
